 Dungeon Crawl Stone Soup version 0.31-a0-844-gdc52ec4e09 (webtiles) character file.

Game seed: 14989909608292646800

34048 arthad the Thaumaturge (level 13, -3/72 HPs)
             Began as a Deep Elf Earth Elementalist on Sept 30, 2023.
             Was a High Priest of Vehumet.
             Slain by a freezing wraith (16 damage)
             ... on level 14 of the Dungeon.
             The game lasted 01:01:14 (16710 turns).

arthad the Thaumaturge (DEEE)                      Turns: 16710, Time: 01:01:15

Health: -3/72      AC: 12    Str:  2    XL:     13   Next: 40%
Magic:  6/31       EV: 18    Int: 29    God:    Vehumet [*****.]
Gold:   984        SH:  5    Dex: 22    Spells: 2/37 levels left

rFire   + . .        F - staff of fire
rCold   . . .        (no shield)
rNeg    + . .        M - +1 steam dragon scales
rPois   +            (helmet restricted)
rElec   .            j - +2 ratskin cloak {*Rats rPois rN+ Str-1 Int-1 Dex+1}
rCorr   .            J - +0 pair of gloves
SInv    .            P - +0 pair of boots
Will    +....        I - amulet of reflection
Stlth   ++++         f - +6 ring of dexterity
HPRegen 0.32/turn    Q - ring of Day {rPois Int+4}
MPRegen 0.22/turn

%: reflection, clarity
@: slowed, very slow
A: horns 1, clarity, weak 1
a: Renounce Religion


You were on level 14 of the Dungeon.
You worshipped Vehumet.
Vehumet was extremely pleased with you.
You visited 2 branches of the dungeon, and saw 15 of its levels.
You also visited: Ossuary.

You collected 1550 gold pieces.
You spent 566 gold pieces at shops.

Inventory:

Hand Weapons
 E - a +1 dagger of venom
 S - a +2 whip of electrocution
Missiles
 l - 35 poisoned darts
 s - 12 boomerangs
 t - 2 throwing nets
 D - 3 curare-tipped darts
 W - 11 javelins
Armour
 j - the +2 ratskin cloak (worn) {*Rats rPois rN+ Str-1 Int-1 Dex+1}
   (You found it on level 2 of the Dungeon)

   *Rats:     When the wearer is hurt, rats may emerge from it to assist them.
   Str-1:     It affects your strength (-1).
   Int-1:     It affects your intelligence (-1).
   Dex+1:     It affects your dexterity (+1).
   rPois:     It protects you from poison rN+: It protects you from negative
   energy.
 J - a +0 pair of gloves (worn)
 M - +1 steam dragon scales (worn)
 N - the +2 ring mail "Ydahup" {rF+ rC+ Stlth-}
   (You found it on level 8 of the Dungeon)

   rF+:       It protects you from fire.
   rC+:       It protects you from cold.
   Stlth-:    It makes you less stealthy.
 P - a +0 pair of boots (worn)
 U - a +2 robe of willpower
Magical Staves
 w - a staff of poison
 F - a staff of fire (weapon)
Jewellery
 f - a +6 ring of dexterity (left hand)
 g - an amulet of guardian spirit
 r - an amulet of faith
 u - a ring of willpower
 x - the ring of the Princess {rPois rC+++ Str-4 Int+6 Stlth+}
   (You found it on level 13 of the Dungeon)

   [ring of intelligence]

   Str-4:     It affects your strength (-4).
   Int+6:     It affects your intelligence (+6).
   rC+++:     It renders you almost immune to cold.
   rPois:     It protects you from poison Stlth+: It makes you more stealthy.
 y - a ring of flight
 I - an amulet of reflection (around neck)
 Q - the ring of Day (right hand) {rPois Int+4}
   (You bought it in a shop on level 8 of the Dungeon)

   [ring of poison resistance]

   Int+4:     It affects your intelligence (+4).
   rPois:     It protects you from poison
Wands
 d - a wand of flame (64)
 k - a wand of paralysis (22)
 C - a wand of quicksilver (12)
 X - a wand of polymorph (12)
 Z - a wand of mindburst (3)
Scrolls
 c - 3 scrolls of teleportation
 i - 3 scrolls of fear
 n - 2 scrolls of poison
 p - a scroll of silence
 q - a scroll of brand weapon
 v - a scroll of torment
 G - a scroll of immolation
 H - a scroll of vulnerability
 K - 3 scrolls of blinking
 O - a scroll of revelation
 R - 2 scrolls of enchant weapon
 T - a scroll of enchant armour
 V - 2 scrolls of amnesia
Potions
 b - 2 potions of magic
 e - 3 potions of attraction
 h - a potion of resistance {unknown}
 m - 4 potions of brilliance
 o - 2 potions of haste
 z - 3 potions of curing
 A - 4 potions of invisibility
 B - 2 potions of heal wounds
 L - a potion of lignification {unknown}
 Y - a potion of mutation
Miscellaneous
 a - a tin of tremorstones (2/2)


   Skills:
 + Level 5.3 Fighting
 + Level 5.1 Armour
 + Level 8.3 Dodging
 + Level 8.4 Stealth
 * Level 12.6 Spellcasting
 * Level 10.1 Conjurations
 + Level 6.2 Translocations
 + Level 6.8 Transmutations
 * Level 4.2 Fire Magic
 * Level 10.8 Earth Magic
 + Level 6.3 Evocations


You had 2 spell levels left.
You knew the following spells:

 Your Spells              Type           Power      Damage    Failure   Level
a - Sandblast             Erth           100%       2d20      1%          1
b - Stone Arrow           Conj/Erth      100%       3d13      1%          3
c - Blink                 Tloc           100%       N/A       1%          2
d - Brom's Barrelling Bo  Conj/Erth      68%        2d8       1%          4
e - Petrify               Tmut/Erth      62%        N/A       1%          4
f - Iskenderun's Battles  Conj           67%        2d12      1%          5
g - Bombard               Conj/Erth      34%        9d6       1%          6
h - Flame Wave            Conj/Fire      74%        2d16      1%          4
i - Starburst             Conj/Fire      37%        6d11      6%          6

Your spell library contained the following spells:

 Spells                   Type           Power      Damage    Failure   Level
 Kiss of Death            Conj/Necr      100%       2d13      1%          1
 Passwall                 Tmut/Erth      51%        N/A       1%          2
 Wereblood                Tmut           55%        N/A       1%          2
 Summon Small Mammal      Summ           72%        N/A       3%          1
 Sublimation of Blood     Necr           18%        N/A       4%          2
 Dazzling Flash           Conj/Hex       94%        N/A       1%          3
 Volatile Blastmotes      Fire/Tloc      100%       2d18      1%          3
 Manifold Assault         Tloc           53%        N/A       2%          4
 Call Canine Familiar     Summ           18%        N/A       9%          3
 Confusing Touch          Hex            18%        N/A       9%          3
 Ozocubu's Armour         Ice            18%        N/A       9%          3
 Summon Guardian Golem    Hex/Summ       18%        N/A       9%          3
 Dispel Undead            Necr           18%        3d11      28%         4
 Dispersal                Tloc           26%        N/A       32%         6
 Spellforged Servitor     Conj/Summ      23%        N/A       56%         7
 Ozocubu's Refrigeration  Ice            9%         4d9       99%         7
 Summon Hydra             Summ           9%         N/A       100%        7
 Disjunction              Tloc           26%        N/A       100%        8
 Maxwell's Capacitive Co  Air            9%         ∞         100%        8


Dungeon Overview and Level Annotations

Branches:
Dungeon (14/15)            Temple (1/1) D:4            Lair (0/5) D:9
    Orc (0/2) D:10         Vaults (0/5) D:13        Ossuary (visited)

Altars:
Ashenzari
Cheibriados
Dithmenos
Elyvilon
Fedhas
Gozag
Hepliaklqana
Kikubaaqudgha
Makhleb
Nemelex Xobeh
Okawaru
Qazlal
Ru
Sif Muna
Trog
Uskayaw
Vehumet
Wu Jian
Xom
Yredelemnul
Zin
The Shining One

Shops:
D:8 =

Portals:
Ice
Cave: D:14

Annotations:
D:5 1 runed translucent door, Crazy Yiuf
D:6 1 runed translucent door, soul19's ghost, novice DsFi


Innate Abilities, Weirdness & Mutations

You have a pair of small horns on your head.
You possess an exceptional clarity of mind.
You are weak. (Str -2)


Message History

The freezing wraith hits you. The freezing wraith freezes you!!
A river rat scurries out from under your cloak.
The freezing wraith misses you.
Casting: Stone Arrow (safe; 1% risk of failure)
Confirm with . or Enter, or press ? or * to list all spells.
Aiming: Stone Arrow (safe; 1% risk of failure)
Press: ? - help, Shift-Dir - straight line, f/p - freezing wraith
Aim: a freezing wraith (heavily damaged, ally target, 78% to hit)
The stone arrow hits the freezing wraith.
The freezing wraith is heavily damaged.
The freezing wraith closely misses you. The freezing wraith barely misses you.
The freezing wraith hits you but does no damage.
The freezing wraith hits you. The freezing wraith drains your vigour!
You feel as though you will be slow longer.
Casting: Stone Arrow (safe; 1% risk of failure)
Confirm with . or Enter, or press ? or * to list all spells.
Aiming: Stone Arrow (safe; 1% risk of failure)
Press: ? - help, Shift-Dir - straight line, f/p - freezing wraith
Aim: a freezing wraith (heavily damaged, ally target, 78% to hit)
The stone arrow hits the freezing wraith!
The freezing wraith is almost destroyed.
Your river rat bites the freezing wraith.
The freezing wraith misses you.
The freezing wraith completely misses you.
Your river rat bites the freezing wraith.
Casting: Stone Arrow (safe; 1% risk of failure)
Confirm with . or Enter, or press ? or * to list all spells.
Aiming: Stone Arrow (safe; 1% risk of failure)
Press: ? - help, Shift-Dir - straight line, f/p - freezing wraith
Aim: a freezing wraith (almost destroyed, ally target, 78% to hit)
The stone arrow hits the freezing wraith but does no damage.
The freezing wraith is almost destroyed.
The freezing wraith hits you. The freezing wraith freezes you!
The freezing wraith hits you!
* * * LOW HITPOINT WARNING * * *
Your river rat barely misses the freezing wraith.
The freezing wraith hits you!
* * * LOW HITPOINT WARNING * * *
The freezing wraith freezes you!
You die...

*,,,,,,,,,,,**#.......##.#....
*,,,,,,,,,,##∩##......#..#....
*,,,,,,,,,**...*#.....#.##....
*,,,,,,,,,*,...,#.....'>##....
*,,,,,,,,,*,...,#.....####....
**+*****,,**#.#*#.....# #....
*,* **,* #.# #.##### #.... *,*
#.###W###....# ####+ *,*
#....@r...##+#*** *, *,*
#####.).#.......* *, *,*
#.###.#.####* *, *,*
#.#,..#...,,*****, *,*
#.#,###*#.#,*,,,,, *,*
#.#,*,,,*.#,+,***, *,*
#.#,*,*,**#,*** *, *,*
#..,,,*,,,,,* *, *,**
##,******+*** **


You could see a freezing wraith (ally target) and a friendly river rat.

Vanquished Creatures
  Snorg (D:10)
  A catoblepas (D:13)
  4 boulder beetles
  3 centaur warriors
  3 two-headed ogres
  Urug (D:13)
  Sonja (D:10)
  Nergalle (D:10)
  4 skeletal warriors (D:12)
  Lodul (D:10)
  4 cyclopes
  An ugly thing (D:13)
  3 manticores
  4 gargoyles
  Psyche (D:8)
  4 unseen horrors (D:11)
  A komodo dragon (D:10)
  2 freezing wraiths
  8 trolls
  2 hornets
  6 slime creatures (D:13)
  2 vampires (D:11)
  A wraith (D:11)
  A wyvern (D:9)
  21 yaks
  Grum (D:10)
  2 steam dragons (D:7)
  17 humans
  Edmund (D:6)
  Menkaure (D:5)
  3 vampire mosquitoes (D:13)
  2 water moccasins
  3 orc warriors
  3 ice beasts
  3 wolves (D:10)
  10 ogres
  9 centaurs
  2 kobold brigands
  3 phantoms
  A bullfrog (D:7)
  A gnoll sergeant (D:9)
  13 wights
  22 killer bees
  7 howler monkeys
  4 hounds
  2 jellies (D:6)
  7 orc priests
  A gnoll bouda (D:6)
  2 sleepcaps
  5 iguanas (D:5)
  9 orc wizards
  8 mummies (Ossuary)
  11 gnolls
  3 adders
  A shadow imp (D:5)
  2 white imps (D:7)
  2 ufetubi
  3 worms
  2 dart slugs
  36 orcs
  5 ball pythons
  6 endoplasms
  6 giant cockroaches
  5 goblins
  4 hobgoblins
  4 jackals
  3 quokkas
  8 bats
  A frilled lizard (D:1)
  4 hobgoblin zombies (Ossuary)
  15 kobolds
  A kobold zombie (Ossuary)
  3 orc zombies (Ossuary)
  3 rats
351 creatures vanquished.

Vanquished Creatures (collateral kills)
  A wight (D:5)
  A killer bee (D:7)
  3 orc priests
  2 gnolls (D:9)
  A kobold (D:5)
  2 boulders
10 creatures vanquished.

Vanquished Creatures (others)
  3 boulders (D:13)
3 creatures vanquished.

Grand Total: 364 creatures vanquished

Notes
Turn   | Place    | Note
-------+----------+-------------------------------------------
     0 | D:1      | arthad the Deep Elf Earth Elementalist began the quest for
                  | the Orb.
     0 | D:1      | Reached XP level 1. HP: 10/10 MP: 6/6
   190 | D:1      | Reached XP level 2. HP: 15/15 MP: 6/8
   289 | D:1      | You fall into a shaft and drop 1 floor!
   770 | D:1      | Reached XP level 3. HP: 19/19 MP: 7/9
  1046 | D:1      | Learned a level 3 spell: Stone Arrow
  1119 | D:2      | Found the +2 ratskin cloak {*Rats rPois rN+ Str-1 Int-1
                  | Dex+1}
  1735 | D:3      | Found a white marble altar of Elyvilon.
  1898 | D:3      | Reached XP level 4. HP: 24/24 MP: 9/11
  2559 | D:4      | Found a staircase to the Ecumenical Temple.
  2565 | Temple   | Entered the Ecumenical Temple
  2590 | Temple   | Became a worshipper of Vehumet
  2667 | D:4      | Reached skill level 4 in Spellcasting
  2667 | D:4      | Reached skill level 1 in Conjurations
  3758 | D:5      | Entered Level 5 of the Dungeon
  3763 | D:5      | Reached XP level 5. HP: 28/28 MP: 11/13
  3768 | D:5      | Gained mutation: You are weak. (Str -2) [potion of
                  | mutation]
  3768 | D:5      | Gained mutation: You have a pair of small horns on your
                  | head. [potion of mutation]
  3768 | D:5      | Gained mutation: You possess an exceptional clarity of
                  | mind. [potion of mutation]
  3914 | D:5      | Noticed an ice beast
  3930 | D:5      | Noticed Menkaure
  3935 | D:5      | Killed Menkaure
  3936 | D:5      | Reached skill level 1 in Fighting
  3936 | D:5      | Reached XP level 6. HP: 34/34 MP: 9/14
  3975 | D:5      | Found a sand-covered staircase.
  3981 | Ossuary  | Entered an ossuary
  4007 | Ossuary  | Learned a level 2 spell: Blink
  4012 | Ossuary  | Learned a level 4 spell: Brom's Barrelling Boulder
  4017 | Ossuary  | Learned a level 4 spell: Petrify
  4067 | Ossuary  | Reached * piety under Vehumet
  4067 | Ossuary  | Offered knowledge of Kiss of Death by Vehumet.
  4361 | D:5      | Reached skill level 5 in Spellcasting
  4388 | D:5      | Reached XP level 7. HP: 38/38 MP: 13/16
  4395 | D:5      | Reached skill level 5 in Earth Magic
  4449 | D:5      | Reached skill level 1 in Evocations
  4489 | D:5      | Found a large runed translucent door.
  4489 | D:5      | Found a large runed translucent door.
  4524 | D:5      | Reached skill level 1 in Translocations
  4546 | D:5      | Found a sacrificial altar of Ru.
  4974 | D:5      | Found a runed translucent door.
  4975 | D:5      | Noticed Crazy Yiuf
  5232 | D:5      | Found a hazy altar of Hepliaklqana.
  5236 | D:5      | Found a hide-covered altar of Uskayaw.
  5239 | D:5      | Reached skill level 1 in Armour
  5758 | D:5      | Reached XP level 8. HP: 44/44 MP: 14/18
  5798 | D:6      | Reached skill level 6 in Spellcasting
  6479 | D:6      | Reached ** piety under Vehumet
  6558 | D:6      | Offered knowledge of Shock by Vehumet.
  6565 | D:6      | Learned a level 5 spell: Iskenderun's Battlesphere
  6578 | D:6      | Found a glowing silver altar of Zin.
  6614 | D:6      | Noticed Edmund
  6624 | D:6      | Killed Edmund
  6625 | D:6      | Reached skill level 7 in Spellcasting
  6625 | D:6      | Reached XP level 9. HP: 39/49 MP: 14/21
  6746 | D:6      | Found a runed translucent door.
  7002 | D:6      | Noticed soul19's ghost (novice DsFi)
  7111 | D:7      | Reached skill level 5 in Stealth
  7227 | D:7      | Reached skill level 5 in Conjurations
  7259 | D:7      | Found a bloodstained altar of Trog.
  7277 | D:7      | Reached skill level 5 in Dodging
  7950 | D:7      | Offered knowledge of Dazzling Flash by Vehumet.
  8105 | D:8      | Identified the +2 ring mail "Ydahup" {rF+ rC+ Stlth-}
  8162 | D:8      | Reached skill level 8 in Spellcasting
  8220 | D:8      | Reached XP level 10. HP: 53/56 MP: 17/24
  8301 | D:8      | Found Hox Ycit's Jewellery Emporium.
  8317 | D:8      | Bought the ring of Day {rPois Int+4} for 566 gold pieces
  8358 | D:8      | Reached *** piety under Vehumet
  8494 | D:8      | Noticed Psyche
  8500 | D:8      | Killed Psyche
  8601 | D:9      | Noticed a centaur warrior
  8610 | D:9      | Killed a centaur warrior
  8748 | D:9      | Reached skill level 9 in Spellcasting
  8938 | D:9      | Reached skill level 5 in Transmutations
  9154 | D:9      | Offered knowledge of Olgreb's Toxic Radiance by Vehumet.
  9250 | D:9      | Found a staircase to the Lair.
  9604 | D:10     | Entered Level 10 of the Dungeon
  9715 | D:10     | Noticed Sonja
  9718 | D:10     | Noticed a two-headed ogre
  9719 | D:10     | Killed Sonja
  9720 | D:10     | Reached XP level 11. HP: 60/60 MP: 18/26
  9730 | D:10     | Killed a two-headed ogre
 10108 | D:10     | Noticed Grum
 10133 | D:10     | Reached skill level 10 in Spellcasting
 10135 | D:10     | Killed Grum
 10234 | D:10     | Noticed Lodul
 10329 | D:10     | Reached **** piety under Vehumet
 10461 | D:10     | Offered knowledge of Freezing Cloud by Vehumet.
 10469 | D:10     | Learned a level 6 spell: Bombard
 10525 | D:10     | Killed Lodul
 10649 | D:9      | Reached skill level 5 in Evocations
 10822 | D:10     | Noticed Nergalle
 10832 | D:10     | Killed Nergalle
 10967 | D:10     | Noticed Snorg
 10973 | D:10     | Killed Snorg
 10974 | D:10     | Reached skill level 5 in Translocations
 11155 | D:10     | Found a staircase to the Orcish Mines.
 11327 | D:10     | Found a stormy altar of Qazlal.
 11330 | D:10     | Found a shadowy altar of Dithmenos.
 11333 | D:10     | Found a snail-covered altar of Cheibriados.
 11336 | D:10     | Found an opulent altar of Gozag.
 11704 | D:11     | Reached skill level 11 in Spellcasting
 11956 | D:11     | Reached XP level 12. HP: 67/67 MP: 26/29
 12053 | D:11     | Noticed a boulder beetle
 12067 | D:11     | Killed a boulder beetle
 13228 | D:12     | Reached ***** piety under Vehumet
 13278 | D:12     | Offered knowledge of Flame Wave by Vehumet.
 13284 | D:12     | Learned a level 4 spell: Flame Wave
 14020 | D:12     | Reached skill level 1 in Fire Magic
 14020 | D:12     | Reached skill level 10 in Earth Magic
 14349 | D:12     | Noticed a boulder beetle
 14354 | D:12     | Killed a boulder beetle
 14745 | D:13     | Noticed a centaur warrior
 14754 | D:13     | Killed a centaur warrior
 14755 | D:13     | Reached skill level 5 in Fighting
 14755 | D:13     | Reached skill level 12 in Spellcasting
 14972 | D:13     | Noticed a two-headed ogre
 14978 | D:13     | Killed a two-headed ogre
 15276 | D:13     | Reached XP level 13. HP: 72/72 MP: 18/31
 15284 | D:13     | Learned a level 6 spell: Starburst
 15450 | D:13     | Noticed Urug
 15457 | D:13     | Killed Urug
 15458 | D:13     | Reached skill level 5 in Armour
 15699 | D:13     | Identified the ring of the Princess {rPois rC+++ Str-4
                  | Int+6 Stlth+}
 15713 | D:13     | Found a gate to the Vaults.
 15972 | D:13     | Reached skill level 10 in Conjurations
 16701 | D:14     | Found a frozen archway.
 16710 | D:14     | Slain by a freezing wraith

Illustrated notes

Levels and vault maps discovered:
D:1:      roderic_chinese_lattice_arrival, layout_loops_ring,
          kennysheep_minor_cross, grunt_decor_cap, minmay_distorted
D:2:      layout_loops_ring, grunt_ministairs_8
D:3:      layout_loops_ring, overflow_temple_1_default, minivault_26
D:4:      layout_layer_cave, minmay_temple_entry_enclosed_plants,
          minmay_surrounded
D:5:      layout_basic, mainiacjoe_overflow_cross_hatched,
          jmf_multi_god_temple2, enter_ossuary_1, skrybe_limestone_x,
          nicolae_concentric_dashed_squares_wild, eino_tiny_chamber,
          grunt_ministairs_3, uniq_crazy_yiuf_cottage, uniq_menkaure
D:6:      layout_gridville, zin_treasury, ebering_ghost_sewer_d, uniq_edmund
D:7:      layout_loops_ring, mainiacjoe_overflow_six_doors_small
D:8:      layout_gridville, serial_shops, shop, uniq_psyche
D:9:      layout_rooms, lair_entry_dummy, grunt_ministairs_2,
          chequers_serial_rivers_micro_c
D:10:     layout_roguey, grunt_temple_overflow_cloverleaf, erik_orc_4,
          uniq_snorg, uniq_nergalle, uniq_lodul, uniq_grum, uniq_sonja
D:11:     layout_cave_pools, hangedman_batty
D:12:     layout_cave_pods, hangedman_decor_slide_cut
D:13:     layout_rooms, david_vaults_3
D:14:     layout_roguey, serial_aquarium, aquarium_bridge_square
          [aquarium_subvault_window, aquarium_subvault_bridge,
          aquarium_subvault_bridge, aquarium_subvault_wall], aquarium_window_1,
          aquarium_window_2, aquarium_window_fake, aquarium_view_2b,
          aquarium_view_2c, portal_ice_cave_entry_frozen_things
Temple:   nicolae_temple_godzebo

Skill      XL: |  1  2  3  4  5  6  7  8  9 10 11 12 13 |
---------------+----------------------------------------+-----
Stealth        | 3 4 5 6 7 8 |  8.4
Dodging        | 3 4 5 6 7 8 |  8.3
Transmutations | 2 3 4 5 6 |  6.8
Earth Magic    | 4 5 6 7 8 9 10 | 10.8
Spellcasting   | 4 5 7 8 9 11 12 | 12.6
Conjurations   | 1 2 3 4 6 7 8 9 10 | 10.1
Fighting       | 1 2 3 4 5 |  5.3
Evocations     | 1 2 3 4 5 6 |  6.3
Translocations | 1 2 3 4 5 6 |  6.2
Armour         | 1 2 3 4 5 |  5.1
Fire Magic     | 3 4 |  4.2

Action                     |  1- 3 |  4- 6 |  7- 9 | 10-12 | 13-15 || total
---------------------------+-------+-------+-------+-------+-------++-------
  Melee: Unarmed           |       |       |     1 |       |       ||     1
         Dagger            |       |       |       |     8 |       ||     8
         Headbutt          |       |       |       |     1 |       ||     1
   Cast: Sandblast         |    57 |    76 |   180 |   149 |    12 ||   474
         Stone Arrow       |       |       |    13 |   196 |    62 ||   271
         Blink             |       |       |     4 |     1 |       ||     5
         Iskenderun's Batt |       |       |     1 |    14 |     2 ||    17
         Brom's Barrelling |       |       |     1 |     1 |     4 ||     6
         Petrify           |       |       |       |     1 |       ||     1
         Bombard           |       |       |       |    30 |     6 ||    36
         Starburst         |       |       |       |       |     4 ||     4
         Flame Wave        |       |       |       |       |     1 ||     1
  Evoke: Wand              |       |       |       |     2 |       ||     2
    Use: Scroll            |       |     5 |     1 |    12 |     2 ||    20
         Potion            |       |     5 |     1 |     4 |     1 ||    11
   Stab: Paralysed         |       |       |       |     1 |       ||     1
 Armour: Robe              |    10 |     4 |    56 |       |       ||    70
         Steam dragon scal |       |       |    29 |   119 |    20 ||   168
  Dodge: Dodged            |     7 |     9 |   116 |   111 |    19 ||   262
  Block: Other             |       |       |     9 |    32 |     5 ||    46
         Reflection        |       |       |     1 |     7 |     1 ||     9

Table legend: (Time is in decaauts)
 A = Elapsed time spent in this place.
 B = Non-inter-level travel time spent in this place.
 C = Inter-level travel time spent in this place.
 D = Time resting spent in this place.
 E = Time spent auto-exploring this place.
 F = Levels seen in this place.
 G = Mean time per level.
                   A        B        C        D        E       F      G
               +--------+--------+--------+--------+--------+-----+--------+
         Total |  16936 |  16316 |    620 |   1104 |  12490 |  16 | 1058.5 |
       Dungeon |  16519 |  15947 |    572 |   1104 |  12253 |  14 | 1179.9 |
        Temple |     50 |      2 |     48 |      0 |      0 |   1 |   50.0 |
       Ossuary |    366 |    366 |      0 |      0 |    237 |   1 |  366.0 |
               +--------+--------+--------+--------+--------+-----+--------+

Top non-repeatable levels by time:
     D:5: 2165 daAuts
    D:13: 1833 daAuts
    D:10: 1833 daAuts
    D:12: 1810 daAuts
    D:11: 1386 daAuts
     D:4: 1380 daAuts
     D:9: 1250 daAuts
     D:7: 1023 daAuts
     D:1: 854 daAuts
     D:6: 841 daAuts
     D:2: 770 daAuts
     D:3: 742 daAuts
     D:8: 556 daAuts
 Ossuary: 366 daAuts
    D:14: 69 daAuts
